[Event "January 9 Early 2024"]
[Site "https://www.chess.com"]
[Date "2024.01.11"]
[Round "7"]
[White "Lopez Idarraga, Daniel Eduardo"]
[Black "Guevara Sanchez, Erick Marvin"]
[Result "1-0"]
[Board "162"]
[TimeControl "180+1"]
[WhiteFideId "4405501"]
[BlackFideId "6700136"]
[WhiteElo "2412"]
[BlackElo "2207"]
[WhiteTeam "COL"]
[BlackTeam "ESA"]
[WhiteClock "0:01:14"]
[BlackClock "0:00:03"]

1. e4 c5 2. Nc3 Nc6 3. Bb5 Nd4 4. Nf3 e6 5. Nxd4 cxd4 6. Ne2 Qg5 7. Nxd4 Qxg2 8. Qf3 Qxf3 9. Nxf3 Nf6 10. d3 Be7 11. Rg1 O-O 12. h4 a6 13. Ba4 b5 14. Bb3 Bb7 15. Bg5 Kh8 16. Ne5 d6 17. Ng4 Rg8 18. O-O-O Rae8 19. f3 Nxg4 20. Rxg4 Bxg5+ 21. hxg5 g6 22. f4 Kg7 23. Rf1 a5 24. a3 Re7 25. f5 exf5 26. exf5 gxf5 27. Rxf5 Rc7 28. Rxb5 Ba6 29. Rd5 Bc8 30. Rf4 Be6 31. Rb5 Bxb3 32. Rxb3 Rgc8 33. c3 Rc5 34. Rb7 R8c7 35. Rxc7 Rxc7 36. Rf5 Ra7 37. a4 Kg6 38. Rd5 Ra6 39. Kd2 f6 40. gxf6 Kxf6 41. Ke3 Kg6 42. Kf4 h6 43. c4 h5 44. Rg5+ Kh6 45. Rb5 Kg6 46. d4 Rc6 47. b3 Ra6 48. Kg3 Ra8 49. Kh4 Re8 50. Rg5+ Kh6 51. Rxh5+ Kg6 52. Rd5 Re6 53. Kg4 Kf6 54. Kf4 Re1 55. Rxd6+ Ke7 56. Rb6 Rf1+ 57. Ke4 Kd7 58. c5 Kc7 59. Kd5 Rc1 60. Rh6 Kb7 61. Rh7+ Ka6 62. Kc6 Rc3 63. d5 Rxb3 64. d6 Rd3 65. d7 Rd1 66. Kc7 Rd5 67. c6 Rc5 68. d8=Q Rd5 69. Qxd5 Ka7 70. Qxa5# 1-0

[Event "January 9 Early 2024"]
[Site "https://www.chess.com"]
[Date "2024.01.11"]
[Round "7"]
[White "Hercegovac, Neven"]
[Black "De Pablo Pena, Miguel Angel"]
[Result "1-0"]
[Board "163"]
[TimeControl "180+1"]
[WhiteFideId "2839135"]
[BlackFideId "2219123"]
[WhiteElo "2335"]
[BlackElo "2153"]
[WhiteTeam "ITA"]
[BlackTeam "ESP"]
[WhiteClock "0:00:09"]
[BlackClock "0:00:06"]

1. d4 c5 2. d5 d6 3. e4 Nf6 4. Nc3 g6 5. Be2 Bg7 6. Nf3 O-O 7. Nd2 e6 8. O-O exd5 9. exd5 Nbd7 10. Nc4 Nb6 11. Ne3 Re8 12. a4 a5 13. h3 Re5 14. f4 Re8 15. Kh1 Ne4 16. Nxe4 Rxe4 17. c3 Qh4 18. f5 Be5 19. Ng4 Rxg4 20. Bxg4 Qg3 21. Kg1 Qh2+ 22. Kf2 Bg3+ 23. Kf3 gxf5 24. Bh5 Be5 25. Qe1 Bf6 26. Bf4 Qxf4+ 27. Kxf4 Nxd5+ 28. Kf3 Bd7 29. c4 Nb4 30. Rd1 Bc6+ 31. Kf4 Be5+ 32. Kxf5 Bd7+ 33. Kg5 Kh8 34. Bxf7 Rf8 35. g4 Nc6 36. Kh4 Nd4 37. Rxd4 cxd4 38. Bd5 Bf6+ 39. g5 Bxg5+ 40. Kxg5 Re8 41. Qxe8+ Bxe8 42. Rf8+ Kg7 43. Rg8# 1-0

[Event "January 9 Early 2024"]
[Site "https://www.chess.com"]
[Date "2024.01.11"]
[Round "7"]
[White "De Souza, Cristiano Gomes"]
[Black "Avramidou, Anastasia"]
[Result "0-1"]
[Board "164"]
[TimeControl "180+1"]
[WhiteFideId "2151758"]
[BlackFideId "4239873"]
[WhiteElo "2270"]
[BlackElo "2526"]
[WhiteTeam "BRA"]
[BlackTeam "GRE"]
[WhiteClock "0:00:47"]
[BlackClock "0:00:19"]

1. d4 Nf6 2. c4 g6 3. Nf3 Bg7 4. Nc3 O-O 5. e4 d6 6. Be2 Nc6 7. O-O e5 8. d5 Ne7 9. Ne1 Nd7 10. Be3 f5 11. f3 f4 12. Bf2 g5 13. Nb5 a6 14. Na7 Nf6 15. Nxc8 Qxc8 16. Nd3 b6 17. b4 g4 18. c5 b5 19. cxd6 cxd6 20. Rc1 Qd7 21. Qd2 Bh6 22. Rc2 Ng6 23. Rfc1 Rf7 24. a4 bxa4 25. Nb2 Kg7 26. Nc4 Rb8 27. Nb6 Qd8 28. Rc6 g3 29. hxg3 fxg3 30. Be3 Bxe3+ 31. Qxe3 Nh5 32. Kf1 Nhf4 33. Bxa6 Qh4 34. b5 Qh1+ 35. Qg1 Qxg1+ 36. Kxg1 Ne2+ 37. Kf1 Nxc1 38. Rxc1 Rxb6 39. Rc6 Rb8 40. Rxd6 Ne7 41. b6 a3 42. Bc4 Nc8 43. Re6 Nxb6 44. Ba2 Na4 45. d6 Nc3 46. Bc4 a2 47. Bxa2 Nxa2 48. Rxe5 Nc3 49. Ke1 Rd7 50. Kd2 Nb5 51. Rg5+ Kf7 52. Rxg3 Nxd6 53. Ke3 Ne8 54. Rh3 Kg7 55. Kf4 Rb6 56. g4 Rf7+ 57. Kg3 Rb3 58. Kg2 Nd6 59. e5 Nc4 60. Rh5 Re3 0-1

[Event "January 9 Early 2024"]
[Site "https://www.chess.com"]
[Date "2024.01.11"]
[Round "7"]
[White "Valle Luis, Leo"]
[Black "Golubovic, Erik"]
[Result "0-1"]
[Board "165"]
[TimeControl "180+1"]
[WhiteFideId "54577187"]
[BlackFideId "14586908"]
[WhiteElo "2484"]
[BlackElo "2281"]
[WhiteTeam "ESP"]
[BlackTeam "CRO"]
[WhiteClock "0:00:11"]
[BlackClock "0:00:16"]

1. e4 c5 2. Nf3 d6 3. d4 cxd4 4. Nxd4 Nf6 5. Nc3 a6 6. Bg5 e6 7. f4 Be7 8. Qf3 Qc7 9. O-O-O Nbd7 10. g4 h6 11. Bxf6 Bxf6 12. h4 Nb6 13. g5 Bxd4 14. Rxd4 Qc5 15. Rd3 Bd7 16. g6 fxg6 17. Qg2 O-O-O 18. Be2 g5 19. hxg5 hxg5 20. Rxh8 Rxh8 21. fxg5 Qe5 22. Rd1 Rh2 23. Qg4 Bc6 24. Bd3 Nd7 25. Bc4 Nc5 26. Bd5 Kc7 27. Bxc6 bxc6 28. a3 Rf2 29. Kb1 Qf4 30. Qg1 Rf3 31. Qh1 Rxc3 32. bxc3 Nxe4 33. Rd3 Qe5 34. Qf3 d5 35. Qf7+ Kb6 36. Qf3 Qxg5 37. Qe3+ Qxe3 38. Rxe3 g5 39. c4 Kc5 40. cxd5 cxd5 41. Kc1 g4 42. Kd1 g3 43. Ke2 g2 0-1

[Event "January 9 Early 2024"]
[Site "https://www.chess.com"]
[Date "2024.01.11"]
[Round "7"]
[White "Zou, Chen"]
[Black "Anton Guijarro, David"]
[Result "1-0"]
[Board "166"]
[TimeControl "180+1"]
[WhiteFideId "8610959"]
[BlackFideId "2285525"]
[WhiteElo "2815"]
[BlackElo "2971"]
[WhiteTeam "CHN"]
[BlackTeam "ESP"]
[WhiteClock "0:00:17"]
[BlackClock "0:00:02"]

1. Nf3 c5 2. b3 d6 3. Bb2 e5 4. d3 Nc6 5. g3 g6 6. Bg2 Bg7 7. Nbd2 d5 8. e4 d4 9. a4 Be6 10. Nc4 f6 11. Bc1 Nge7 12. h4 h5 13. Bh3 Bxh3 14. Rxh3 Qd7 15. Rh1 b6 16. Bd2 O-O 17. Qe2 Nc8 18. Nh2 Nd6 19. Nxd6 Qxd6 20. g4 hxg4 21. Qxg4 f5 22. exf5 gxf5 23. Qg2 e4 24. O-O-O e3 25. fxe3 dxe3 26. Bc3 Nd4 27. Rdg1 Qh6 28. Kb2 Rad8 29. Nf3 Kh8 30. Bxd4 Bxd4+ 31. Nxd4 cxd4 32. Qf3 f4 33. Rg5 Rd7 34. Rh5 Rh7 35. Rxh6 Rxh6 36. Rg1 Rh7 37. h5 Re7 38. Qc6 Rfe8 39. Qh6+ Rh7 40. Qf6+ Rg7 41. Qxg7# 1-0

[Event "January 9 Early 2024"]
[Site "https://www.chess.com"]
[Date "2024.01.11"]
[Round "7"]
[White "Korol, Dimitry"]
[Black "Mendez Fortes, Eduardo Jesus"]
[Result "0-1"]
[Board "167"]
[TimeControl "180+1"]
[WhiteFideId "14108003"]
[BlackFideId "3502376"]
[WhiteElo "2351"]
[BlackElo "2545"]
[WhiteTeam "UKR"]
[BlackTeam "CUB"]
[WhiteClock "0:00:02"]
[BlackClock "0:00:18"]

1. d4 Nf6 2. c4 e6 3. Nc3 Bb4 4. Qc2 O-O 5. e4 d5 6. cxd5 exd5 7. e5 Ne4 8. Bd3 c5 9. Ne2 Nc6 10. O-O cxd4 11. Nxd5 Qxd5 12. Bxe4 Qxe5 13. Bxh7+ Kh8 14. Bf4 Qh5 15. Be4 Bd7 16. Bxc6 Bxc6 17. Nxd4 Bxg2 18. Kxg2 Qg4+ 19. Bg3 Qxd4 20. Rad1 Qg4 21. h3 Qe6 22. Rd4 Be7 23. Re4 Qg6 24. Rfe1 Bf6 25. Qb3 b6 26. R1e2 Rad8 27. Qf3 Rd7 28. b3 Kg8 29. Re8 Rxe8 30. Rxe8+ Kh7 31. Qa8 Qd3 32. Rh8+ Kg6 33. Qg8 Qd5+ 34. Kh2 Kf5 35. Rh5+ g5 36. Qh7+ Ke6 37. h4 Rd8 38. hxg5 Rh8 39. Qxh8 Bxh8 40. Rxh8 Qxg5 41. Rh4 Qd2 0-1

[Event "January 9 Early 2024"]
[Site "https://www.chess.com"]
[Date "2024.01.11"]
[Round "7"]
[White "Zgadzaj, Rafal"]
[Black "Kurmangaliyeva, Liya"]
[Result "0-1"]
[Board "168"]
[TimeControl "180+1"]
[WhiteFideId "1113712"]
[BlackFideId "13725831"]
[WhiteElo "2338"]
[BlackElo "2529"]
[WhiteTeam "POL"]
[BlackTeam "KAZ"]
[WhiteClock "0:00:22"]
[BlackClock "0:00:25"]

1. e4 c5 2. Nf3 e6 3. c4 Nc6 4. Nc3 Nd4 5. Nxd4 cxd4 6. Ne2 Bc5 7. d3 Ne7 8. a3 a5 9. g3 O-O 10. Bg2 f5 11. O-O d6 12. Bd2 a4 13. Bg5 h6 14. Bxe7 Qxe7 15. exf5 Rxf5 16. Qd2 Rf8 17. Rae1 Qf6 18. Nf4 Re8 19. Re2 Rb8 20. Rfe1 e5 21. Nd5 Qf7 22. f4 Bg4 23. Rf2 Qh5 24. fxe5 dxe5 25. Ref1 e4 26. Bxe4 Rxe4 27. dxe4 d3 28. Qxd3 Be2 29. Qd2 Bxf1 30. Nf4 Bxf2+ 31. Kxf1 Qf7 32. Qxf2 Qxc4+ 33. Kg2 Qxe4+ 34. Kh3 Rf8 35. Qd2 Rf6 36. Qd8+ Kh7 37. Qd7 Qf5+ 38. Qxf5+ Rxf5 39. Kg4 Rb5 40. Nd3 Rb3 41. Nc5 Rxb2 42. Nxa4 Ra2 43. Nc5 b5 44. Kf5 Rxa3 45. h4 b4 46. Ke5 b3 47. Nd3 Ra2 48. Kd4 b2 0-1

[Event "January 9 Early 2024"]
[Site "https://www.chess.com"]
[Date "2024.01.11"]
[Round "7"]
[White "Devaev, Alexander"]
[Black "Rodriguez Avila, Alvaro"]
[Result "0-1"]
[Board "169"]
[TimeControl "180+1"]
[WhiteFideId "4169395"]
[BlackFideId "24570249"]
[WhiteElo "2488"]
[BlackElo "2324"]
[WhiteTeam "RUS"]
[BlackTeam "ESP"]
[WhiteClock "0:00:23"]
[BlackClock "0:00:24"]

1. d4 Nf6 2. c4 Nc6 3. Nf3 e6 4. Nc3 Bb4 5. Bd2 O-O 6. e3 d6 7. Bd3 Qe7 8. a3 Bxc3 9. Bxc3 e5 10. Be2 Bf5 11. d5 Nb8 12. Nd2 Nbd7 13. O-O Nc5 14. f3 a5 15. e4 Bd7 16. b4 axb4 17. axb4 Na4 18. Nb1 Nxc3 19. Nxc3 Nh5 20. g3 Qg5 21. Kf2 f5 22. Rxa8 Rxa8 23. Qc1 f4 24. g4 Qh4+ 25. Kg2 Nf6 26. Qe1 Qg5 27. h4 Qg6 28. Kh2 Qe8 29. Qd2 Ra3 30. Rb1 Qd8 31. Qb2 Nxg4+ 32. fxg4 Qxh4+ 33. Kg1 Qg3+ 34. Kf1 Rxc3 35. Qd2 f3 36. Bd1 Bxg4 37. Qf2 Bh3+ 38. Ke1 Re3+ 0-1

[Event "January 9 Early 2024"]
[Site "https://www.chess.com"]
[Date "2024.01.11"]
[Round "7"]
[White "Derjabin, Ilja"]
[Black "Skibbe, Willi"]
[Result "0-1"]
[Board "170"]
[TimeControl "180+1"]
[WhiteFideId "14104768"]
[BlackFideId "4682190"]
[WhiteElo "2508"]
[BlackElo "2375"]
[WhiteTeam "UKR"]
[BlackTeam "GER"]
[WhiteClock "0:00:03"]
[BlackClock "0:00:35"]

1. d4 e6 2. c4 d5 3. Nc3 c6 4. Nf3 Nf6 5. g3 Be7 6. Bg2 O-O 7. O-O a5 8. c5 b6 9. cxb6 Qxb6 10. Na4 Qa7 11. Ne5 Nfd7 12. Nd3 Na6 13. Be3 Rb8 14. Rc1 Nb4 15. Nxb4 axb4 16. Rxc6 Ba6 17. b3 Bb5 18. Rc1 Qa6 19. Re1 Rfc8 20. Bf4 Ra8 21. Rxc8+ Rxc8 22. e4 dxe4 23. Bxe4 Nf6 24. Bf3 Bxa4 25. bxa4 Rc3 26. d5 Qd3 27. Qxd3 Rxd3 28. Be2 Rxd5 29. Rc1 g5 30. Rc8+ Kg7 31. Be3 Ne4 32. Bf3 Nd6 33. Bxd5 Nxc8 34. Bc6 Bd8 35. Bc5 Be7 36. Bd4+ Bf6 37. Be3 Ne7 38. Bb7 Nf5 39. Bc5 Be7 40. Bb6 Nd6 41. Bc6 Nc4 42. Bc7 Bd6 43. Bxd6 Nxd6 44. a5 Nc8 45. Bb7 Na7 46. a6 Kf6 47. Kf1 Ke5 48. Ke2 Kd4 49. g4 h6 50. Kf3 f5 0-1

[Event "January 9 Early 2024"]
[Site "https://www.chess.com"]
[Date "2024.01.11"]
[Round "7"]
[White "Adel, Sara"]
[Black "Goncalves, Samuel Jesus P"]
[Result "1-0"]
[Board "171"]
[TimeControl "180+1"]
[WhiteFideId "10616764"]
[BlackFideId "1945130"]
[WhiteElo "2216"]
[BlackElo "2409"]
[WhiteTeam "EGY"]
[BlackTeam "POR"]
[WhiteClock "0:00:29"]
[BlackClock "0:00:09"]

1. e4 d5 2. exd5 Qxd5 3. d4 Nc6 4. c3 Nf6 5. Nd2 Bg4 6. Ngf3 e5 7. Bc4 Qd6 8. Qb3 O-O-O 9. O-O exd4 10. Bxf7 d3 11. Nc4 Qe7 12. Re1 Qd7 13. Nfe5 Qe7 14. Bg5 Nxe5 15. Nxe5 d2 16. Bxd2 Rxd2 17. Nxg4 Qd6 18. Nxf6 gxf6 19. Qa4 c6 20. Qxa7 Kc7 21. Qa8 Qd8 22. Qa5+ Kd7 23. Qh5 Bd6 24. Rad1 Rxd1 25. Rxd1 Kc7 26. Qf5 Qd7 27. Qxd7+ Kxd7 28. Bh5 Ra8 29. Bf3 Kc7 30. g3 Rxa2 31. Rd2 Ra1+ 32. Kg2 h6 33. Re2 Rb1 34. Be4 Ra1 35. f4 Ra2 36. h3 b5 37. Kf3 Kb6 38. g4 Kc5 39. Bd3 b4 40. Re6 Rxb2 41. cxb4+ Rxb4 42. Rxf6 Rb3 43. Ke4 Rb4+ 44. Ke3 Rb3 45. Rxh6 Bxf4+ 46. Kxf4 Rxd3 47. g5 Rd1 48. g6 Rf1+ 49. Kg5 Kd4 50. g7 c5 51. Rg6 Rf2 52. g8=Q 1-0

[Event "January 9 Early 2024"]
[Site "https://www.chess.com"]
[Date "2024.01.11"]
[Round "7"]
[White "Dushyant Sharma"]
[Black "Gabrielian, Artur"]
[Result "0-1"]
[Board "172"]
[TimeControl "180+1"]
[WhiteFideId "25065130"]
[BlackFideId "4131002"]
[WhiteElo "2504"]
[BlackElo "2794"]
[WhiteTeam "IND"]
[BlackTeam "RUS"]
[WhiteClock "0:00:05"]
[BlackClock "0:00:17"]

1. e4 c5 2. Nf3 d6 3. d4 cxd4 4. Nxd4 Nf6 5. Nc3 Nc6 6. f4 e5 7. Nf3 Be7 8. Bd3 O-O 9. O-O Bg4 10. Kh1 Rc8 11. Qe1 Bxf3 12. Rxf3 Nd4 13. Rh3 g6 14. Be3 Re8 15. Rd1 Bf8 16. Qh4 Nh5 17. Qf2 Bg7 18. Nd5 Nf6 19. fxe5 Nxd5 20. exd5 dxe5 21. c4 f5 22. b4 b5 23. Bxd4 exd4 24. c5 Qxd5 25. Bxb5 Re7 26. Qh4 Bf8 27. Ba4 Qe4 28. Bb3+ Kh8 29. Qf2 Rce8 30. Rf3 Bg7 31. h3 d3 32. Rfxd3 Qxb4 33. c6 Re1+ 34. Rxe1 Rxe1+ 35. Kh2 Be5+ 36. g3 Qe4 37. Rf3 Re2 38. c7 Rxf2+ 39. Rxf2 Bxc7 40. Rc2 Be5 41. Rc8+ Kg7 42. Rg8+ Kh6 0-1

[Event "January 9 Early 2024"]
[Site "https://www.chess.com"]
[Date "2024.01.11"]
[Round "7"]
[White "Matthes, Aaron"]
[Black "Carnicelli, Valerio"]
[Result "1-0"]
[Board "173"]
[TimeControl "180+1"]
[WhiteFideId "16227310"]
[BlackFideId "856185"]
[WhiteElo "2410"]
[BlackElo "2551"]
[WhiteTeam "GER"]
[BlackTeam "ITA"]
[WhiteClock "0:00:21"]
[BlackClock "0:00:04"]

1. Nf3 Nf6 2. g3 d5 3. d4 e6 4. Bg2 c5 5. O-O Nc6 6. c3 Be7 7. Bf4 O-O 8. Nbd2 b6 9. Ne5 Bb7 10. Ndf3 Rc8 11. a3 c4 12. Nxc6 Bxc6 13. Bg5 Qe8 14. Nd2 Ba4 15. Qc1 h6 16. Bxf6 Bxf6 17. e4 dxe4 18. Nxe4 Be7 19. Re1 Qd7 20. h4 Rfd8 21. Nd2 a5 22. Nf3 Bf6 23. Ne5 Qe7 24. Qf4 Qd6 25. Re2 b5 26. Qg4 Bb3 27. Qh5 Rc7 28. Ng4 Bxd4 29. cxd4 Qxd4 30. Ne3 Rc5 31. Qg4 Qxg4 32. Nxg4 Bd1 33. Re5 Rxe5 34. Nxe5 Rd2 35. Rb1 Bc2 36. Nf3 Rxf2 37. Kxf2 Bxb1 38. Nd2 Bd3 39. Ke3 Bg6 40. Bc6 b4 41. Nxc4 bxa3 42. bxa3 a4 43. Bxa4 Kf8 44. Bc6 Ke7 45. Be4 Bh5 46. Bf3 Bg6 47. a4 f6 48. a5 1-0

[Event "January 9 Early 2024"]
[Site "https://www.chess.com"]
[Date "2024.01.11"]
[Round "7"]
[White "Yurasov, Matfey"]
[Black "Cruz, William Ferreira Da"]
[Result "0-1"]
[Board "174"]
[TimeControl "180+1"]
[WhiteFideId "55617603"]
[BlackFideId "2118050"]
[WhiteElo "2538"]
[BlackElo "2346"]
[WhiteTeam "FID"]
[BlackTeam "BRA"]
[WhiteClock "0:00:02"]
[BlackClock "0:00:09"]

1. e4 e6 2. d3 d5 3. Nd2 Nf6 4. Ngf3 Bc5 5. e5 Nfd7 6. d4 Be7 7. Bd3 c5 8. c3 Nc6 9. O-O cxd4 10. cxd4 a5 11. a3 a4 12. Re1 Nb6 13. Nf1 Na5 14. Bf4 Nb3 15. Rb1 g5 16. Be3 Nc4 17. N3d2 Nbxd2 18. Nxd2 b5 19. Qh5 Ba6 20. Nf3 h6 21. h4 Nxe3 22. fxe3 gxh4 23. Rf1 Kd7 24. Qxf7 Qg8 25. Qh5 Rf8 26. Bg6 b4 27. Rfe1 h3 28. Kh2 hxg2 29. Bc2 b3 30. Bd1 Bf1 31. Ng1 Rf5 32. Qh3 Rf2 33. Be2 Qg6 34. Qg3 Qxg3+ 35. Kxg3 Rhf8 36. Rbc1 h5 37. Kh2 Bh4 38. Bxh5 R2f5 39. Bg4 Bxe1 40. Bxf5 Bd2 41. Rd1 Bxe3 42. Bh3 Bf4# 0-1

[Event "January 9 Early 2024"]
[Site "https://www.chess.com"]
[Date "2024.01.11"]
[Round "7"]
[White "Limontaite, Simona"]
[Black "Ronka, Erik"]
[Result "0-1"]
[Board "175"]
[TimeControl "180+1"]
[WhiteFideId "12802506"]
[BlackFideId "505080"]
[WhiteElo "2314"]
[BlackElo "2520"]
[WhiteTeam "LTU"]
[BlackTeam "FIN"]
[WhiteClock "0:00:01"]
[BlackClock "0:00:09"]

1. d4 d5 2. c4 c6 3. Nc3 Nf6 4. e3 e6 5. Nf3 Nbd7 6. Bd3 dxc4 7. Bxc4 b5 8. Bd3 Bb7 9. e4 b4 10. Na4 c5 11. e5 Nd5 12. Nxc5 Nxc5 13. dxc5 Bxc5 14. O-O h6 15. Bb5+ Kf8 16. Qe2 g6 17. Qc4 Qb6 18. a4 a6 19. a5 Qxb5 20. Qh4 Kg7 21. h3 Be7 22. Qg3 Rac8 23. Nd4 Qd7 24. Rd1 Qc7 25. h4 h5 26. Bg5 Bxg5 27. Qxg5 Qe7 28. Qg3 Rhd8 29. Rd3 b3 30. Rad1 Nb4 31. Rxb3 Nc2 32. Rbd3 Nxd4 33. Rxd4 Rxd4 34. Rxd4 Rd8 35. Rf4 Rd5 36. b4 Qd7 37. Kh2 Rd4 38. Rf3 Rxb4 39. Qg5 Rg4 40. Qf6+ Kg8 41. Rc3 Rxg2+ 42. Kh3 Rg4 0-1

[Event "January 9 Early 2024"]
[Site "https://www.chess.com"]
[Date "2024.01.11"]
[Round "7"]
[White "Wafa, Hamed"]
[Black "Koshulyan, Egor A."]
[Result "1-0"]
[Board "176"]
[TimeControl "180+1"]
[WhiteFideId "10628452"]
[BlackFideId "24237000"]
[WhiteElo "2826"]
[BlackElo "2670"]
[WhiteTeam "EGY"]
[BlackTeam "RUS"]
[WhiteClock "0:00:08"]
[BlackClock "0:00:05"]

1. e4 c5 2. Nf3 Nc6 3. Bb5 g5 4. Nxg5 Nf6 5. Bxc6 dxc6 6. d3 Rg8 7. Kf1 h6 8. Nf3 Nxe4 9. Be3 Qd5 10. Qe2 Nf6 11. Nc3 Qh5 12. Nd2 Qg6 13. f3 b6 14. Nde4 Nxe4 15. Nxe4 Be6 16. g3 Bg7 17. c3 Rd8 18. Kf2 h5 19. Rhg1 Be5 20. Rad1 Bc7 21. b3 Qf5 22. Ke1 Qh3 23. Ng5 Qf5 24. Nxe6 Qxe6 25. Kd2 c4 26. Kc2 cxb3+ 27. axb3 Rg5 28. f4 Rb5 29. c4 Ra5 30. Ra1 b5 31. Rxa5 Bxa5 32. Ra1 Bb6 33. Re1 Qd6 34. Bxb6 axb6 35. Qe4 Ra8 36. cxb5 Rc8 37. Kb2 cxb5 38. Qe5 Qd7 39. Qh8# 1-0

[Event "January 9 Early 2024"]
[Site "https://www.chess.com"]
[Date "2024.01.11"]
[Round "7"]
[White "Srihari L R"]
[Black "Kazakouski, Valery"]
[Result "0-1"]
[Board "177"]
[TimeControl "180+1"]
[WhiteFideId "46617116"]
[BlackFideId "13507443"]
[WhiteElo "2674"]
[BlackElo "2833"]
[WhiteTeam "IND"]
[BlackTeam "LTU"]
[WhiteClock "0:00:03"]
[BlackClock "0:00:44"]

1. d4 Nf6 2. Bg5 e6 3. Nd2 h6 4. Bh4 c5 5. e3 cxd4 6. exd4 Be7 7. c3 O-O 8. Bd3 b6 9. Ngf3 Ba6 10. Bxa6 Nxa6 11. Qe2 Nc7 12. O-O d6 13. a4 Qd7 14. Rfe1 Rfc8 15. a5 b5 16. Rad1 a6 17. Bg3 Ncd5 18. Nf1 Rc6 19. Ne3 Rac8 20. Nd2 Nxe3 21. fxe3 d5 22. Rc1 Bd8 23. Nb3 Ne4 24. Bf4 Be7 25. Nd2 Nxd2 26. Qxd2 b4 27. e4 bxc3 28. bxc3 dxe4 29. Rxe4 Qd5 30. Re5 Qb3 31. Re3 Ba3 32. Rc2 Bb4 33. d5 Qxd5 34. Rd3 Qf5 35. Rg3 Kh7 36. Rf3 Bc5+ 37. Be3 Bxe3+ 38. Rxe3 Qxa5 39. Qd3+ Qf5 40. Qxf5+ exf5 41. Ra2 Rxc3 42. Rxc3 Rxc3 43. Rxa6 f4 44. Kf2 g5 45. h3 Kg7 46. Ra5 f6 47. Ra8 h5 48. Ra7+ Kg6 49. Ra8 Rc2+ 50. Kf3 Rc3+ 51. Kf2 g4 52. hxg4 hxg4 53. Rg8+ Kf5 54. Ra8 Rc2+ 55. Kf1 Kg5 56. Rg8+ Kh4 57. Rf8 Kg3 0-1

[Event "January 9 Early 2024"]
[Site "https://www.chess.com"]
[Date "2024.01.11"]
[Round "7"]
[White "Tabuenca Mendataurigoitia, Daniel"]
[Black "Ratnesan, Ranesh"]
[Result "0-1"]
[Board "178"]
[TimeControl "180+1"]
[WhiteFideId "24563617"]
[BlackFideId "439339"]
[WhiteElo "2537"]
[BlackElo "2337"]
[WhiteTeam "ESP"]
[BlackTeam "ENG"]
[WhiteClock "0:00:01"]
[BlackClock "0:00:03"]

1. d4 d5 2. Nc3 Nf6 3. Bf4 a6 4. e3 Bf5 5. f3 e6 6. g4 Bg6 7. h4 h5 8. g5 Nfd7 9. Nh3 c5 10. a3 Nc6 11. Bd3 Bxd3 12. Qxd3 cxd4 13. exd4 g6 14. O-O-O Qa5 15. Bd2 Qb6 16. Rhe1 O-O-O 17. Be3 Bg7 18. Nf4 Na5 19. b3 Kb8 20. Na4 Qd6 21. Kb2 Rc8 22. Ka2 Bf8 23. Nc5 Nc6 24. Ne2 Nxc5 25. dxc5 Qd7 26. c4 Ne5 27. Bf4 Bg7 28. Nc3 Qc7 29. Bxe5 Bxe5 30. cxd5 Bxc3 31. Qxc3 Qxc5 32. Qxc5 Rxc5 33. dxe6 fxe6 34. Rxe6 Rf8 35. Rd3 Rc2+ 36. Kb1 Rh2 37. Rxg6 Re8 38. Rd1 Ree2 39. Rg8+ Kc7 40. Rc1+ Kb6 41. Rg6+ Ka7 42. Rd1 Rb2+ 43. Kc1 Rhc2# 0-1

[Event "January 9 Early 2024"]
[Site "https://www.chess.com"]
[Date "2024.01.11"]
[Round "7"]
[White "Tarhan, Adar"]
[Black "Krishnan, Ritvik"]
[Result "1-0"]
[Board "179"]
[TimeControl "180+1"]
[WhiteFideId "34544712"]
[BlackFideId "45055297"]
[WhiteElo "2693"]
[BlackElo "2506"]
[WhiteTeam "TUR"]
[BlackTeam "IND"]
[WhiteClock "0:00:09"]
[BlackClock "0:00:03"]

1. e4 c5 2. Nf3 d6 3. Bb5+ Nd7 4. O-O Nf6 5. Re1 a6 6. Bf1 e5 7. c3 Be7 8. d4 O-O 9. a4 b6 10. Bd3 cxd4 11. cxd4 exd4 12. Nxd4 Nc5 13. Bc2 Bb7 14. Nc3 Re8 15. Nf5 Bf8 16. Bg5 h6 17. Bh4 g6 18. Qd4 Re6 19. b4 Ncd7 20. Ne3 Ne5 21. Bb3 Re8 22. Ncd5 g5 23. Bg3 b5 24. axb5 axb5 25. Rxa8 Bxa8 26. Nf5 Nxd5 27. Bxd5 Bxd5 28. Qxd5 Qf6 29. Qxb5 Rc8 30. Qd5 h5 31. h4 g4 32. b5 Rc5 33. Qb3 Rc3 34. Qb1 Nd3 35. Rd1 Nc5 36. Nd4 Nb7 37. b6 Bg7 38. Nf5 Qe6 39. Nxg7 Kxg7 40. Qa1 Qf6 41. e5 1-0

[Event "January 9 Early 2024"]
[Site "https://www.chess.com"]
[Date "2024.01.11"]
[Round "7"]
[White "Sychev, Klementy"]
[Black "Santos Flores, Alberto"]
[Result "1-0"]
[Board "180"]
[TimeControl "180+1"]
[WhiteFideId "4114060"]
[BlackFideId "3601234"]
[WhiteElo "2789"]
[BlackElo "2503"]
[WhiteTeam "FID"]
[BlackTeam "ECU"]
[WhiteClock "0:00:18"]
[BlackClock "0:00:02"]

1. e4 e6 2. Qe2 c5 3. b3 Nc6 4. Bb2 Nf6 5. Nf3 Be7 6. e5 Nd5 7. Nc3 Nxc3 8. dxc3 d5 9. exd6 Qxd6 10. Nd2 Qe5 11. O-O-O Qxe2 12. Bxe2 Bd7 13. c4 O-O-O 14. Ne4 f5 15. Nd6+ Bxd6 16. Rxd6 Rhg8 17. Rhd1 g6 18. Bf6 Rdf8 19. Rxd7 Rxf6 20. Rxh7 Nd4 21. Bf1 Rd8 22. h4 Rff8 23. c3 Nc6 24. Rxd8+ Rxd8 25. Rg7 Ne5 26. Be2 Rd7 27. Rg8+ Rd8 28. Rg7 Rd7 29. Rg8+ Rd8 30. Rxd8+ Kxd8 31. f4 Nf7 32. Bf3 b6 33. Kd2 Kc7 34. b4 Kd6 35. Kc2 e5 36. Bd5 Nh6 37. bxc5+ bxc5 38. fxe5+ Kxe5 39. Kb3 Ng4 40. Ka4 Ne3 41. Bf3 Kd6 42. Kb5 f4 43. a4 Nc2 44. Ka6 Ne3 45. Kxa7 Nxc4 46. Ka6 Ne5 47. Kb5 Nd7 48. a5 1-0

[Event "January 9 Early 2024"]
[Site "https://www.chess.com"]
[Date "2024.01.11"]
[Round "7"]
[White "Kiselev, Pavel"]
[Black "Pinero Rodriguez, Carlos Jose"]
[Result "0-1"]
[Board "181"]
[TimeControl "180+1"]
[WhiteFideId "4191102"]
[BlackFideId "3901726"]
[WhiteElo "2376"]
[BlackElo "2566"]
[WhiteTeam "RUS"]
[BlackTeam "VEN"]
[WhiteClock "0:00:03"]
[BlackClock "0:00:39"]

1. Nf3 Nf6 2. g3 g6 3. Bg2 Bg7 4. O-O O-O 5. d4 d6 6. c4 Nbd7 7. Nc3 e5 8. d5 a5 9. b3 Ne8 10. Bb2 h6 11. e4 f5 12. exf5 gxf5 13. Nd2 Nc5 14. Qe2 Nf6 15. Rfe1 Bd7 16. Rad1 Qe8 17. a3 Qg6 18. b4 Na6 19. Na2 b6 20. Bc3 axb4 21. axb4 h5 22. Nf3 Ne4 23. Nh4 Nxc3 24. Nxg6 Nxe2+ 25. Rxe2 Rf7 26. f4 e4 27. h3 Kh7 28. Nh4 Bf6 29. Nxf5 Bxf5 30. Bxe4 Bxe4 31. Rxe4 Rg8 32. Kh2 Nb8 33. Rde1 Nd7 34. Re6 Bd4 35. R1e4 Bf2 36. Nc3 Bxg3+ 37. Kh1 Nf6 38. Re2 Bxf4 39. Rf2 Be5 40. Ne4 Rg6 41. Rf5 Kg7 42. Ng5 Rd7 43. Nf3 Ne4 44. Nxe5 dxe5 45. Rexe5 Ng3+ 46. Kh2 Nxf5 47. Rxf5 Rf7 48. Rxh5 Rf2+ 49. Kh1 Rgg2 50. c5 bxc5 51. bxc5 Rc2 52. c6 Rgd2 53. Re5 Rd1+ 0-1

[Event "January 9 Early 2024"]
[Site "https://www.chess.com"]
[Date "2024.01.11"]
[Round "7"]
[White "Terziev, Dimo"]
[Black "Leschinsky, Gary"]
[Result "0-1"]
[Board "182"]
[TimeControl "180+1"]
[WhiteFideId "2925397"]
[BlackFideId "30951321"]
[WhiteElo "2169"]
[BlackElo "2423"]
[WhiteTeam "BUL"]
[BlackTeam "USA"]
[WhiteClock "0:00:03"]
[BlackClock "0:00:09"]

1. e4 c5 2. Nf3 d6 3. d4 cxd4 4. Qxd4 Nf6 5. Be2 Nc6 6. Qe3 e5 7. c4 Be7 8. Nc3 O-O 9. O-O Bg4 10. h3 Bxf3 11. Bxf3 Nd7 12. Nd5 Nd4 13. Bd1 Rc8 14. b3 h6 15. Bb2 Ne6 16. Bg4 Bg5 17. Qe2 Nf6 18. Bxe6 fxe6 19. Nxf6+ Qxf6 20. Rad1 Rcd8 21. Rd3 Qf7 22. Rfd1 Be7 23. Rf3 Qg6 24. Rg3 Qf7 25. Rgd3 Qe8 26. Ba3 Qc6 27. Qg4 Rf6 28. Bb2 Rdf8 29. R3d2 Kh7 30. Ba3 Rd8 31. c5 d5 32. exd5 exd5 33. b4 d4 34. Re1 Qd5 35. Qe4+ Qxe4 36. Rxe4 Rf5 37. Bb2 Bf6 38. a3 Kg8 39. Rd3 Kf7 40. g4 Rf4 41. f3 Ke6 42. Kg2 g5 43. Rxf4 exf4 44. Kf2 Kd5 45. Ke2 Re8+ 46. Kd2 Re3 47. Kc2 Kc4 0-1